 Dungeon Crawl Stone Soup version 0.19-a0-998-gfd37873 (webtiles) character file.

170 TheGoonsmith the Skirmisher (level 5, -4/41 HPs)
             Began as a Demonspawn Gladiator on July 17, 2016.
             Slain by a gnoll
             ... wielding a +0 flail
              (9 damage)
             ... on level 2 of the Dungeon.
             The game lasted 00:04:41 (3513 turns).

TheGoonsmith the Skirmisher (Demonspawn Gladiator)  Turns: 3513, Time: 00:04:41

Health: -4/41      AC:  8    Str: 15 (16) XL:     5   Next: 25%
Magic:  5/5        EV:  7    Int:  7 (9)  God:
Gold:   59         SH:  0    Dex: 13 (14) Spells: 0 memorised, 4 levels left

rFire  . . .     SeeInvis .     t - +1 dagger (venom)
rCold  . . .     Gourm    .     E - +0 chain mail (curse)
rNeg   . . .     Faith    .     (no shield)
rPois  .         Spirit   .     (helmet restricted)
rElec  .         Dismiss  .     (no cloak)
rCorr  .         Reflect  .     (no gloves)
SustAt .         Harm     .     (no boots)
MR     .....                    (no amulet)
Stlth  ..........               (no ring)
                                (no ring)

@: not resistant to hostile enchantments, extremely unstealthy
A: antennae 1, talons 1, nightstalker 1
a: no special abilities


You were on level 2 of the Dungeon.
You were hungry.

You visited 1 branch of the dungeon, and saw 3 of its levels.

You collected 59 gold pieces.

Inventory:

Hand Weapons
 a - a +0 flail
 t - a +1 dagger of venom (weapon)
Missiles
 d - 3 throwing nets (quivered)
 k - 97 stones
 m - 28 arrows
 o - 19 sling bullets
 C - 9 poisoned needles
Armour
 b - a +0 leather armour
 c - a +0 helmet
 i - a +0 ring mail
 E - a cursed +0 chain mail (worn)
Jewellery
 q - an uncursed ring of protection from fire {unknown}
 w - a +6 ring of dexterity {unknown}
Scrolls
 e - 2 scrolls of blinking {unknown}
 g - 3 scrolls of teleportation {unknown}
 h - 2 scrolls of magic mapping {unknown}
 r - a scroll of enchant armour {unknown}
 u - a scroll of fear {unknown}
 y - 3 scrolls of identify {unknown}
Potions
 l - 2 potions of might
 n - 2 potions of degeneration
 s - a potion of curing
 v - a potion of brilliance {unknown}
 x - a potion of mutation {unknown}
 B - a potion of agility {unknown}
Comestibles
 f - 2 bread rations
 j - 4 meat rations
 z - a beef jerky
 A - a royal jelly


   Skills:
 + Level 3.5 Fighting
 - Level 3.1 Maces & Flails
 - Level 1.7 Throwing
 - Level 2.6 Dodging
 * Level 3.3 Unarmed Combat


You had 4 spell levels left.
You didn't know any spells.

Dungeon Overview and Level Annotations

Branches:
Dungeon (3/15)

Altars:
Ashenzari
Dithmenos
Vehumet

Annotations:
D:3 Grinder


Innate Abilities, Weirdness & Mutations

You have a pair of small antennae on your head.
You have sharp toenails.
You are slightly more attuned to the shadows.


Message History

You hit the gnoll.
The gnoll is poisoned.
You claw the gnoll, but do no damage.
The gnoll is lightly wounded.
The gnoll hits you with a flail.
* * * LOW HITPOINT WARNING * * *
You are too injured to fight recklessly!
You are too injured to fight recklessly!
You are too injured to fight recklessly!
You hit the gnoll.
The gnoll looks as sick as possible!
You claw the gnoll, but do no damage.
The gnoll is moderately wounded.
The gnoll hits you with a flail!
* * * LOW HITPOINT WARNING * * *
You barely miss the gnoll. You claw the gnoll, but do no damage.
The gnoll is heavily wounded.
The gnoll barely misses you.
You hit the gnoll.
The gnoll looks as sick as possible!
Your kick misses the gnoll.
The gnoll is severely wounded.
The gnoll hits you with a flail!
You die...

..#####.....##.## ..#
#......#..# ..#
#[.....#..# ..#
###....##.# ..# #....##.##
..# #....##..# ..#
#....##..# ###
#....###)########## #...)#
#@g........# ##########
##########.# #.....# #.#
#.###.###############.#
####.#...............)...#
#....#..##################
#.####..# #.#.<#..#
#.#.##..#


You could see a gnoll.

Vanquished Creatures
  An orc priest (D:3)
  4 adders
  2 gnolls
  3 dart slugs
  2 giant geckos
  8 orcs
  A giant cockroach (D:1)
  6 goblins
  4 hobgoblins (D:1)
  11 jackals
  3 kobolds (D:1)
  2 quokkas (D:2)
  10 bats
  2 giant newts
  A quokka skeleton (D:3)
  7 rats
67 creatures vanquished.

Notes
Turn   | Place    | Note
-------+----------+-------------------------------------------
     0 | D:1      | TheGoonsmith the Demonspawn Gladiator began the quest for the Orb.
     0 | D:1      | Reached XP level 1. HP: 16/16 MP: 1/1
   434 | D:1      | Gained mutation: You have sharp toenails. [demonic ancestry]
   434 | D:1      | Reached XP level 2. HP: 22/22 MP: 2/2
   454 | D:1      | Reached skill level 1 in Unarmed Combat
   841 | D:2      | Found a shattered altar of Ashenzari.
   876 | D:2      | Gained mutation: You have a pair of small antennae on your head. [demonic ancestry]
   876 | D:2      | Reached XP level 3. HP: 23/28 MP: 3/3
  1612 | D:2      | Found a shadowy altar of Dithmenos.
  1612 | D:2      | Found a radiant altar of Vehumet.
  1952 | D:1      | Gained mutation: You are slightly more attuned to the shadows. [demonic ancestry]
  1952 | D:1      | Reached XP level 4. HP: 35/35 MP: 4/4
  3259 | D:3      | Reached XP level 5. HP: 32/41 MP: 5/5
  3286 | D:3      | Noticed Grinder
  3292 | D:3      | Paralysed by Grinder for 3 turns
  3513 | D:2      | Slain by a gnoll

Vault maps used:
D:1:      roderic_octagonal_star
D:2:      overflow_temple_1_default, gammafunk_temple_overflow_statue,
          due_unseen_surprise
D:3:      uniq_crazy_yiuf_cottage, uniq_grinder, uniq_terence

Skill      XL: |  1  2  3  4 |
---------------+-------------+-----
Maces & Flails | 3 |  3.1
Unarmed Combat | 1 2 3 |  3.3
Fighting       | 3 |  3.5
Throwing       | |  1.7
Dodging        | |  2.6

Action                   |  1- 3 |  4- 6 || total
-------------------------+-------+-------++-------
Melee: Flail             |   116 |       ||   116
       Kick              |    32 |    34 ||    66
       Dagger            |    33 |   114 ||   147
  Use: Potion            |     1 |     6 ||     7
 Stab: Sleeping          |       |     1 ||     1
  Eat: Chunk             |     3 |     5 ||     8
Armor: Leather armour    |     7 |       ||     7
       Ring mail         |    72 |    28 ||   100
       Chain mail        |       |    45 ||    45
Dodge: Dodged            |   136 |    50 ||   186
